 Dungeon Crawl Stone Soup version 0.31.0-4-g52a2dc7128 (webtiles) character file.

Game seed: 13625235364816529074

126753 groovy9 the Eclecticist (level 17, -7/190 HPs)
             Began as a Djinni Conjurer on Jan 21, 2024.
             Was the Champion of Makhleb.
             Killed from afar by a will-o-the-wisp (30 damage)
             ... with a foxfire
             ... on level 4 of the Swamp on Jan 22, 2024.
             The game lasted 02:09:49 (30881 turns).

groovy9 the Eclecticist (Djinni Conjurer)          Turns: 30881, Time: 02:09:49

Health: -7/190     AC: 31    Str:  6    XL:     17   Next: 54%
Gold:   2080       EV:  2    Int: 27    God:    Makhleb [******] SH: 20 Dex: 13

rFire   . . .        B - +10 mace of Disorder {freeze, rElec}
rCold   . . .        K - +2 tower shield {AC+3}
rNeg    . . .        C - melded +0 swamp dragon scales "Guwac" {rPois rC+++ Dex+5 Stlth-}
rPois   ∞            z - melded +0 helmet
rElec   +            P - melded scarf {rC+ rF+}
rCorr   +            A - melded +0 pair of gloves
SInv    .            (boots unavailable)
Will    +....        (no amulet)
Stlth   ++           j - ring of resist corrosion
HPRegen 0.51/turn    o - ring of wizardry
MPRegen 0.00/turn

%: wizardry (x1), infuse magic (-8 HP)
@: tree-form, very slow
A: stationary, stasis, torment immunity, boosted hp, sickness immunity, (fire
resistance 2), (cold vulnerability 1), float, innate caster, HP casting, extra
vitality 1
a: Renounce Religion, Minor Destruction, Lesser Servant of Makhleb, Major
Destruction, Greater Servant of Makhleb


You were on level 4 of the Swamp.
You worshipped Makhleb.
Makhleb was exalted by your worship.
You were a tree.
You visited 5 branches of the dungeon, and saw 25 of its levels.
You also visited: Bailey.

You collected 3607 gold pieces.
You spent 1527 gold pieces at shops.

Inventory:

Hand Weapons
 h - the +6 quarterstaff "Demonbane" {heavy, rPois Dex+5 SInv}
   (You found it on level 4 of the Dungeon)

   Dex+5:     It affects your dexterity (+5).
   rPois:     It protects you from poison SInv: It lets you see invisible.
 B - the +10 mace of Disorder (weapon) {freeze, rElec}
   (You found it in a bailey)

   rElec:     It insulates you from electricity.
Armour
 g - a +1 robe of cold resistance
 s - a +0 buckler
 v - a +1 robe of resistance
 z - a +0 helmet (melded)
 A - a +0 pair of gloves (melded)
 C - the +0 swamp dragon scales "Guwac" (melded) {rPois rC+++ Dex+5 Stlth-}
   (You bought it in a shop on level 5 of the Dungeon)

   Dex+5:     It affects your dexterity (+5).
   rC+++:     It renders you almost immune to cold.
   rPois:     It protects you from poison Stlth-: It makes you less stealthy.
 K - a +2 tower shield of protection (worn)
 P - a scarf of resistance (melded)
 U - an orb of mayhem
 V - a +0 kite shield of reflection
Magical Staves
 c - a staff of death
 q - a staff of fire
Jewellery
 j - a ring of resist corrosion (left branch)
 o - a ring of wizardry (right branch)
 u - a ring of fire
 y - an amulet of faith
 M - a ring of ice
 N - a +6 ring of strength
Wands
 n - a wand of flame (24)
 p - a wand of roots (20)
 w - a wand of quicksilver (38)
 I - a wand of paralysis (10)
 R - a wand of polymorph (12)
 W - a wand of mindburst (12)
Scrolls
 b - 9 scrolls of teleportation
 r - 2 scrolls of immolation
 t - 3 scrolls of vulnerability
 E - 3 scrolls of enchant weapon
 F - 3 scrolls of fear
 H - 4 scrolls of revelation
 L - a scroll of poison
 O - 2 scrolls of blinking
 Q - 4 scrolls of identify
 Y - a scroll of enchant armour
Potions
 a - 5 potions of might
 d - 3 potions of lignification
 f - 5 potions of resistance
 k - 7 potions of brilliance
 l - 3 potions of cancellation
 m - a potion of invisibility
 x - 3 potions of curing
 D - 3 potions of attraction
 G - 5 potions of haste
 J - a potion of mutation
 S - 2 potions of berserk rage
Miscellaneous
 T - a phantom mirror


   Skills:
 - Level 13.6 Fighting
 - Level 6.4 Dodging
 - Level 1.5 Stealth
 - Level 14.4 Shields
 + Level 15.6 Spellcasting
 + Level 15.6 Conjurations
 + Level 15.6 Hexes
   Level 0.0 Charms
 + Level 15.6 Summonings
 + Level 15.6 Necromancy
 + Level 15.6 Translocations
   Level 0.0 Transmutations
 + Level 15.6 Fire Magic
 + Level 15.6 Ice Magic
 + Level 15.6 Air Magic
 + Level 15.6 Earth Magic
 + Level 15.6 Alchemy
 - Level 15.0 Invocations


You knew the following spells:

 Your Spells              Type           Power      Damage    Failure   Level
a - Magic Dart            Conj           100%       1d8       1%          1
b - Searing Ray           Conj           100%       2d8       1%          2
c - Fulminant Prism       Conj/Alch      40%        3d19      1%          4
d - Iskenderun's Mystic   Conj/Tloc      81%        2d16      1%          4
e - Slow                  Hex            100%       N/A       1%          1
f - Blink                 Tloc           100%       N/A       1%          2
g - Hailstorm             Conj/Ice       81%        3d14      1%          3
h - Cause Fear            Hex            40%        N/A       1%          4
i - Animate Dead          Necr           81%        N/A       1%          4
j - Summon Forest         Summ/Tloc      40%        N/A       1%          5
k - Death Channel         Necr           40%        N/A       2%          6
l - Dispersal             Tloc           40%        N/A       2%          6
Your spell library was empty.

Dungeon Overview and Level Annotations

Branches:
Dungeon (13/15)            Temple (1/1) D:5            Lair (5/5) D:9
  Swamp (4/4) Lair:2       Spider (0/4) Lair:2        Slime (0/5) Lair:5
    Orc (2/2) D:11            Elf (0/3) Orc:2        Vaults (0/5) D:13
 Bailey (visited)

Altars:
Ashenzari
Cheibriados
Dithmenos
Elyvilon
Fedhas
Gozag
Hepliaklqana
Makhleb
Nemelex Xobeh
Okawaru
Qazlal
Ru
Trog
Uskayaw
Wu Jian
Xom
Yredelemnul
Zin
The Shining One
Jiyva

Shops:
D:2 (   D:5 [[   D:6 ?   Orc:2 ?((?


Innate Abilities, Weirdness & Mutations

You are a tree.
Your roots penetrate the ground, keeping you stationary.
You cannot be teleported.
You are immune to unholy pain and torment.
Your maximum health is greatly increased.
Your equipment is partially melded.
You are immune to sickness and miasma.
You are immune to poison.
((Your flesh is very heat resistant. (rF++)))
((You are vulnerable to cold. (rC-)))
You float through the air rather than walking.
You learn spells naturally, not from books.
Your magical power is your life essence.
You have superior vitality. (+4 MHP)


Message History

The swamp worm fires a harpoon shot at you.
The harpoon shot hits you!
* * * LOW HITPOINT WARNING * * *
You are yanked forward by the harpoon shot.
The will-o-the-wisp engulfs you!
* * * LOW HITPOINT WARNING * * *
The swamp worm bites you!
* * * LOW HITPOINT WARNING * * *
Okay, then.
You are too confused!
Okay, then.
You turn into a tree.
Your scarf of resistance melds into your body.
Your +0 helmet melds into your body.
Your +0 pair of gloves melds into your body.
The +0 swamp dragon scales "Guwac" {rPois rC+++ Dex+5 Stlth-} melds into your body.
You feel hot and cold all over.
Your roots penetrate the ground.
Splash!
You fall into the shallow water.
Moving in this stuff is going to be slow.
The will-o-the-wisp engulfs you but does no damage.
The will-o-the-wisp gestures.
The will-o-the-wisp conjures some marshlight! 2 foxfires come into view.
You feel less invigorated.
You feel less confused.
The foxfire hits you but does no damage. x2
The eleionoma hits you but does no damage.
The will-o-the-wisp gestures.
The will-o-the-wisp conjures some marshlight!
The swamp worm bites you.
* * * LOW HITPOINT WARNING * * *
2 foxfires come into view.
Okay, then.
As you read the scroll of torment, it crumbles to dust.
You feel a surge of unholy energy.
The swamp worm convulses!
The eleionoma convulses!
The swamp drake convulses!
You are engulfed in a cloud of scalding steam.
The foxfire hits you!!
You die...

..~~.~....~ ~.~......~♣#
~.~..~...~.♣ ..~~~.~.~~♣#
### ~.....~~~~~♣ .##♣#
##... ...~~...~..♣#
#°♣~♣♣♣~.☼≈ ...(....~♣~?♣#
k#.~~~.~.≈§
.~..~~♣~kR§.~♣##♣§♣~.~~...≈
....~...~♣♣§~.^~~~.~.○.~~..
~......~~wvv~.~.♣~~..k~†~.i
.....~♣.~~v~...~.~~.~~k...~
...~.♣.♣♣..~~.~~~.... ♣°..§
.~..... ♣♣.~~~~~~§~.§ ♣.~~~
.~~~/. ♣...~~~.♣♣♣♣ ♣w~~.
♣.♣ ♣♣♣.~~§.♣ ♣~~~. ♣♣~~~~♣
..~~~ ♣.~~~. ~~...


You could see an eleionoma, a will-o-the-wisp, a swamp worm and a swamp drake.

Vanquished Creatures
  A tentacled monstrosity (Swamp:1)
  A thorn hunter (Swamp:4)
  Donald (Swamp:1)
  A stone giant (D:12)
  5 bunyips
  6 eleionomae
  A dire elephant (Lair:5)
  Snorg (Lair:4)
  4 fire dragons
  Harold (Lair:2)
  A spriggan air mage (Swamp:4)
  Fannar (D:12)
  A ghost crab (Swamp:3)
  3 vault guards (D:13)
  13 hydras
  2 catoblepae
  The ghost of Laraso the Thaumaturge, a journeyman VSIE of Sif Muna (Lair:2)
  8 alligators
  A boulder beetle (D:11)
  2 centaur warriors (D:13)
  5 two-headed ogres
  6 death yaks
  4 orc high priests (Orc:2)
  The ghost of hawla the Gouger, a journeyman FeSh of Makhleb (D:12)
  4 spriggans (Swamp:4)
  Amaemon (D:8)
  A skyshark (Lair:5)
  A sixfirhy (D:11)
  3 goliath frogs
  6 spriggan druids
  8 bog bodies
  5 lindwurms
  2 arcanists (D:13)
  6 orc knights
  12 swamp dragons
  A deep elf pyromancer (D:13)
  An ugly thing (D:11)
  5 manticores
  2 necromancers (D:13)
  A cyclops (D:13)
  5 elephants (Lair:5)
  2 moths of wrath (D:12)
  7 will-o-the-wisps
  2 kobold blastminers (Orc:2)
  A torpor snail (Lair:2)
  5 black mambas
  9 cane toads
  An unseen horror (D:11)
  11 komodo dragons
  An orange demon (D:8)
  6 rime drakes
  Psyche (D:11)
  A bloated husk (Swamp:2)
  A polar bear (shapeshifter) (D:9)
  7 tyrant leeches
  7 trolls
  Grinder (D:3)
  A polar bear (Lair:5)
  17 blink frogs
  4 hornets (Swamp:4)
  4 dream sheep
  5 slime creatures (D:12)
  A jumping spider (Lair:2)
  A culicivora (Lair:2)
  3 vampires
  2 wyverns
  34 yaks
  Sigmund (D:3)
  5 wraiths
  5 basilisks
  4 wargs
  7 hogs (Lair:5)
  17 humans (D:13)
  Grum (D:8)
  3 steam dragons (Lair:5)
  15 swamp worms
  An acid dragon (D:13)
  15 water moccasins
  11 swamp drakes
  46 orc warriors
  2 sky beasts
  A black bear (D:3)
  An ice beast (D:7)
  3 ogres
  19 wolves
  5 centaurs
  7 kobold brigands
  7 bullfrogs
  3 gnoll sergeants
  3 scorpions
  9 wights
  29 killer bees
  6 howler monkeys
  4 electric eels
  A hound (D:6)
  23 orc priests
  2 jellies
  A gnoll bouda (D:7)
  A sleepcap (D:6)
  10 iguanas
  2 hell rats (Lair:1)
  15 orc wizards
  7 adders
  18 gnolls
  7 river rats
  A white imp (D:6)
  A dart slug (D:2)
  3 ribbon worms
  73 orcs
  6 endoplasms
  3 giant cockroaches
  5 goblins
  5 hobgoblins
  5 jackals (D:2)
  26 kobolds
  4 quokkas
  5 ball pythons
  6 bats
  9 frilled lizards
  7 orc zombies
  16 rats
762 creatures vanquished.

Vanquished Creatures (collateral kills)
  Kirke (Lair:5)
  An orc high priest (Orc:2)
  An orc (Orc:1)
3 creatures vanquished.

Vanquished Creatures (others)
  A thorn hunter (Swamp:3)
  26 orc zombies
  40 foxfires
  326 fulminant prisms
393 creatures vanquished.

Grand Total: 1158 creatures vanquished

Notes
Turn   | Place    | Note
-------+----------+-------------------------------------------
     0 | D:1      | groovy9 the Djinni Conjurer began the quest for the Orb.
     0 | D:1      | groovy9 set off with the following spells memorised: Magic
                  | Dart, Searing Ray, Fulminant Prism, Iskenderun's Mystic
                  | Blast.
     0 | D:1      | Reached XP level 1. HP: 15/15 MP: 0/0
    94 | D:1      | Reached XP level 2. HP: 18/22 MP: 0/0
   254 | D:1      | Reached skill level 1 in Fighting
   512 | D:1      | Reached XP level 3. HP: 25/27 MP: 0/0
   512 | D:1      | Learned a level 1 spell: Slow
  1285 | D:2      | Reached XP level 4. HP: 27/32 MP: 0/0
  1631 | D:2      | Found Asalil's Weapon Shop.
  1990 | D:3      | Found a broken altar of Ashenzari.
  2002 | D:3      | Noticed a black bear
  2006 | D:3      | Noticed Grinder
  2008 | D:3      | Killed a black bear
  2009 | D:3      | Reached XP level 5. HP: 26/39 MP: 0/0
  2009 | D:3      | Learned a level 2 spell: Blink
  2017 | D:3      | Killed Grinder
  2018 | D:3      | Reached skill level 5 in Spellcasting
  2018 | D:3      | Reached skill level 5 in Conjurations
  2018 | D:3      | Reached skill level 5 in Hexes
  2018 | D:3      | Reached skill level 5 in Summonings
  2018 | D:3      | Reached skill level 5 in Necromancy
  2018 | D:3      | Reached skill level 5 in Translocations
  2018 | D:3      | Reached skill level 5 in Fire Magic
  2018 | D:3      | Reached skill level 5 in Ice Magic
  2018 | D:3      | Reached skill level 5 in Air Magic
  2018 | D:3      | Reached skill level 5 in Earth Magic
  2018 | D:3      | Reached skill level 5 in Alchemy
  2018 | D:3      | Reached XP level 6. HP: 14/46 MP: 0/0
  2018 | D:3      | Reached XP level 7. HP: 15/50 MP: 0/0
  2018 | D:3      | Learned a level 3 spell: Hailstorm
  2162 | D:3      | Noticed Sigmund
  2173 | D:3      | Killed Sigmund
  2259 | D:3      | Found a faded altar of an unknown god.
  2503 | D:3      | Identified the +5 sling of Izomos {antimagic, rElec rF++
                  | Str+3 Dex-2}
  2798 | D:4      | Identified the +6 quarterstaff "Demonbane" {heavy, rPois
                  | Dex+5 SInv}
  2948 | D:4      | Found a transporter.
  3113 | D:4      | Found a transporter.
  3225 | D:4      | Reached XP level 8. HP: 48/58 MP: 0/0
  3341 | D:5      | Entered Level 5 of the Dungeon
  3362 | D:5      | Found Wotur's Antique Armour Shoppe.
  3738 | D:5      | Found a staircase to the Ecumenical Temple.
  3746 | Temple   | Entered the Ecumenical Temple
  3756 | Temple   | Became a worshipper of Makhleb the Destroyer
  3887 | D:5      | Found a shadowy altar of Dithmenos.
  3993 | D:5      | Found Heinrich's Dragon-Slaying Spoils.
  4559 | D:6      | Reached skill level 5 in Fighting
  5262 | D:6      | Reached XP level 9. HP: 36/66 MP: 0/0
  5262 | D:6      | Learned a level 4 spell: Cause Fear
  5418 | D:6      | Found The Oracle's Delphic Readings.
  5785 | D:7      | Reached * piety under Makhleb
  6455 | D:8      | Noticed a two-headed ogre
  6606 | D:8      | Reached XP level 10. HP: 43/75 MP: 0/0
  6803 | D:8      | Noticed Amaemon
  6803 | D:8      | Noticed an orange demon
  6815 | D:8      | Killed an orange demon
  6817 | D:8      | Killed Amaemon
  6818 | D:8      | Reached skill level 10 in Spellcasting
  6818 | D:8      | Reached skill level 10 in Conjurations
  6818 | D:8      | Reached skill level 10 in Hexes
  6818 | D:8      | Reached skill level 10 in Summonings
  6818 | D:8      | Reached skill level 10 in Necromancy
  6818 | D:8      | Reached skill level 10 in Translocations
  6818 | D:8      | Reached skill level 10 in Fire Magic
  6818 | D:8      | Reached skill level 10 in Ice Magic
  6818 | D:8      | Reached skill level 10 in Air Magic
  6818 | D:8      | Reached skill level 10 in Earth Magic
  6818 | D:8      | Reached skill level 10 in Alchemy
  7002 | D:8      | Reached ** piety under Makhleb
  7292 | D:8      | Killed a two-headed ogre
  7407 | D:8      | Noticed Grum
  7414 | D:8      | Killed Grum
  7553 | D:8      | Noticed a three-headed hydra
  7569 | D:8      | Killed a three-headed hydra
  7570 | D:8      | Reached XP level 11. HP: 50/82 MP: 0/0
  7570 | D:8      | Learned a level 4 spell: Animate Dead
  7886 | D:9      | Noticed a death yak
  7890 | D:9      | Noticed a death yak
  7904 | D:9      | Killed a death yak
  7906 | D:9      | Noticed a death yak
  7908 | D:9      | Killed a death yak
  8089 | D:9      | Killed a death yak
  8093 | D:9      | Found a sparkling altar of Nemelex Xobeh.
  8150 | D:9      | Found a staircase to the Lair.
  8518 | D:9      | Reached *** piety under Makhleb
  8551 | D:9      | Found a flagged portal.
  8560 | Bailey   | Entered a bailey
  9461 | Bailey   | Identified the +10 mace of Disorder {freeze, rElec}
  9463 | Bailey   | Noticed an orc knight
  9473 | Bailey   | Reached skill level 10 in Fighting
  9479 | Bailey   | Killed an orc knight
  9670 | Bailey   | Acquired 837 gold pieces
 10007 | D:5      | Bought the +0 swamp dragon scales "Guwac" {rPois rC+++
                  | Dex+5 Stlth-} for 1007 gold pieces
 10107 | Lair:1   | Entered Level 1 of the Lair of Beasts
 10111 | Lair:1   | Reached skill level 1 in Invocations
 10111 | Lair:1   | Reached XP level 12. HP: 91/91 MP: 0/0
 10366 | Lair:1   | Reached **** piety under Makhleb
 10631 | Lair:1   | Reached skill level 5 in Invocations
 11391 | Lair:2   | Noticed a catoblepas
 11401 | Lair:2   | Killed a catoblepas
 11766 | Lair:2   | Noticed Harold
 11778 | Lair:2   | Killed Harold
 12151 | Lair:2   | Found a runed translucent gate.
 12151 | Lair:2   | Found a runed translucent gate.
 12152 | Lair:2   | Found a runed translucent gate.
 12154 | Lair:2   | Noticed Laraso's ghost (journeyman VSIE)
 12154 | Lair:2   | Noticed a nine-headed hydra
 12353 | Lair:2   | Reached XP level 13. HP: 77/99 MP: 0/0
 12353 | Lair:2   | Learned a level 5 spell: Summon Forest
 12767 | Lair:2   | Killed a nine-headed hydra
 12770 | Lair:2   | Killed Laraso's ghost
 12836 | Lair:2   | Noticed an eight-headed hydra
 12842 | Lair:2   | Killed an eight-headed hydra
 13076 | Lair:2   | Identified the +4 broad axe of Subjectivity {flame, rC+
                  | Int+3 Stlth+}
 13175 | Lair:2   | Found a hole to the Spider Nest.
 13320 | Lair:2   | Found a staircase to the Swamp.
 13407 | Lair:2   | Noticed an eight-headed hydra
 13415 | Lair:2   | Killed an eight-headed hydra
 14827 | Lair:4   | Noticed a five-headed hydra
 14834 | Lair:4   | Killed a five-headed hydra
 14990 | Lair:4   | Noticed Snorg
 15003 | Lair:4   | Killed Snorg
 15386 | Lair:5   | Entered Level 5 of the Lair of Beasts
 15400 | Lair:5   | Reached skill level 10 in Invocations
 15406 | Lair:5   | Noticed Kirke
 15408 | Lair:5   | Reached skill level 1 in Shields
 15409 | Lair:5   | Noticed a sphinx
 15414 | Lair:5   | Reached ***** piety under Makhleb
 15895 | Lair:5   | Killed Kirke
 15896 | Lair:5   | Reached XP level 14. HP: 85/108 MP: 0/0
 16006 | Lair:5   | Reached skill level 5 in Shields
 16045 | Lair:5   | Found a viscous altar of Jiyva.
 16045 | Lair:5   | Found a staircase to the Slime Pits.
 16686 | Lair:5   | Reached skill level 10 in Shields
 16746 | Lair:5   | Noticed a dire elephant
 16758 | Lair:5   | Killed a dire elephant
 18186 | D:5      | Bought an embroidered scarf for 248 gold pieces
 18265 | D:10     | Entered Level 10 of the Dungeon
 18550 | D:10     | Found a hide-covered altar of Uskayaw.
 19623 | D:11     | Reached ****** piety under Makhleb
 19810 | D:11     | Found a staircase to the Orcish Mines.
 19906 | D:11     | Noticed Psyche
 19909 | D:11     | Killed Psyche
 20247 | D:11     | Reached XP level 15. HP: 103/113 MP: 0/0
 20247 | D:11     | Learned a level 6 spell: Death Channel
 20273 | D:11     | Found a runed translucent door.
 20829 | Orc:1    | Entered Level 1 of the Orcish Mines
 21408 | Orc:1    | You are sucked into a shaft and drop 1 floor!
 21408 | Orc:2    | Entered Level 2 of the Orcish Mines
 22471 | Orc:2    | Reached skill level 5 in Dodging
 22586 | Orc:2    | Found Baseygi's Antique Weapon Boutique.
 22586 | Orc:2    | Found Tepraof's Magic Scroll Boutique.
 22587 | Orc:2    | Found Ustat Cemiz's Magic Scroll Boutique.
 22587 | Orc:2    | Found Zastry's Antique Weapon Shop.
 22595 | Orc:2    | Bought a scroll of teleportation for 42 gold pieces
 22595 | Orc:2    | Bought a scroll of teleportation for 42 gold pieces
 22595 | Orc:2    | Bought a scroll of fear for 56 gold pieces
 22595 | Orc:2    | Bought a scroll of teleportation for 42 gold pieces
 22595 | Orc:2    | Bought a scroll of teleportation for 42 gold pieces
 22598 | Orc:2    | Bought a scroll of teleportation for 48 gold pieces
 22830 | Orc:2    | Found a staircase to the Elven Halls.
 23190 | D:12     | Noticed Fannar
 23195 | D:12     | You are sucked into a shaft and drop 1 floor!
 23399 | D:12     | Killed Fannar
 24334 | D:12     | Noticed hawla's ghost (journeyman FeSh)
 24337 | D:12     | Noticed a stone giant
 24346 | D:12     | Found a bloodstained altar of Trog.
 24353 | D:12     | Found a transporter.
 24355 | D:12     | Found a transporter.
 24404 | D:12     | Killed hawla's ghost
 24673 | D:12     | Killed a stone giant
 25172 | D:13     | Reached XP level 16. HP: 112/121 MP: 0/0
 25259 | D:13     | Found a gate to the Vaults.
 26215 | Swamp:1  | Entered Level 1 of the Swamp
 26215 | Swamp:1  | Noticed Donald
 26449 | Swamp:1  | Killed Donald
 26643 | Swamp:1  | Noticed a tentacled monstrosity
 26653 | Swamp:1  | Killed a tentacled monstrosity
 28314 | Swamp:3  | Noticed a thorn hunter
 28326 | Swamp:3  | Killed a thorn hunter
 28568 | Swamp:3  | Reached skill level 15 in Invocations
 29546 | Swamp:2  | Reached XP level 17. HP: 40/127 MP: 0/0
 29546 | Swamp:2  | Learned a level 6 spell: Dispersal
 29920 | Swamp:4  | Entered Level 4 of the Swamp
 30019 | Swamp:4  | Noticed a thorn hunter
 30035 | Swamp:4  | Killed a thorn hunter
 30360 | Swamp:4  | Reached skill level 15 in Spellcasting
 30360 | Swamp:4  | Reached skill level 15 in Conjurations
 30360 | Swamp:4  | Reached skill level 15 in Hexes
 30360 | Swamp:4  | Reached skill level 15 in Summonings
 30360 | Swamp:4  | Reached skill level 15 in Necromancy
 30360 | Swamp:4  | Reached skill level 15 in Translocations
 30360 | Swamp:4  | Reached skill level 15 in Fire Magic
 30360 | Swamp:4  | Reached skill level 15 in Ice Magic
 30360 | Swamp:4  | Reached skill level 15 in Air Magic
 30360 | Swamp:4  | Reached skill level 15 in Earth Magic
 30360 | Swamp:4  | Reached skill level 15 in Alchemy
 30881 | Swamp:4  | Killed from afar by a will-o-the-wisp

Illustrated notes

Levels and vault maps discovered:
D:1:      wander_arrival_chamber, layout_basic, grunt_decor_mini_mirrors
D:2:      minmay_angry_zag, layout_loops_cross, serial_shops, shop,
          hangedman_abyss_or_decor_stabs, minmay_lizard_pond
D:3:      layout_basic, mainiacjoe_overflow_surrounded_room,
          shapermc_ecumenical_altar_starsandcircs, uniq_sigmund, uniq_grinder
D:4:      gammafunk_steamed_eel, layout_basic,
          amcnicky_mini_rare_corridor_liquid
D:5:      layout_gridville, marbit_many_paths, minmay_temple_entry_trees,
          serial_shops, nicolae_shop_waterfront, minmay_misc_feat_diagonals,
          nicolae_shop_dragon_depot, bh_walls_and_bars
D:6:      layout_loops_corners, kennysheep_nub, columned_hall_lemuel,
          nicolae_nh_oracle_at_delphi
D:7:      layout_cave_pools
D:8:      layout_rooms, hangedman_ranch, uniq_grum, uniq_amaemon
D:9:      layout_gridville, mainiacjoe_overflow_alcove_4, dpeg_lair_monsters,
          enter_bailey_2, dk_noncrumbling_4
D:10:     layout_basic, nicolae_uskayaw_en_pointe
D:11:     cheibrodos_shockbox, layout_basic, david_orc_1_choice, eino_jars,
          uniq_psyche
D:12:     layout_cave_pods, gammafunk_ghost_wrathful_warriors, minivault_5,
          uniq_fannar
D:13:     layout_long_grid, grunt_vaults_entry_tiered, kennysheep_generic_room_9
Temple:   mainiacjoe_temple_bowtie_tessellation
Lair:1:   layout_small_grid, gauntlet_entry_generic, kennysheep_abandoned_house
Lair:2:   hellmonk_ruined_rings, layout_long_grid, palyth_hydra_swamp_entry,
          spider_nest_entry_rubble, gammafunk_ghost_hydra_chop,
          chequers_serial_rivers_micro_d, lemuel_fruit_tree,
          serial_bayou_shore_a, uniq_harold
Lair:3:   layout_regular_city, serial_bayou_shore_b, serial_bayou_shore_b
Lair:4:   layout_cave_shapes, uniq_snorg
Lair:5:   guppyfry_lair_end_dragon, layout_regular_city,
          hangedman_lair_in_review, slime_entry_1, chequers_serial_rivers_marsh,
          grunt_megastairs_3, uniq_kirke
Swamp:1:  layout_falls_marsh, evilmike_swamp_ruin_house_1, uniq_donald
Swamp:2:  layout_basic_swamp, nicolae_swamp_dense_foliage
Swamp:3:  layout_falls_marsh, serial_swamp_ruin, evilmike_swamp_ruin_house_2,
          evilmike_swamp_ruin_house_5
Swamp:4:  swamp_fiery, layout_basic_swamp, nicolae_swamp_decorative_isthmus
Orc:1:    layout_caves, basic_altar
Orc:2:    st_orc_pillars, layout_diamond_mine, basic_altar

Skill      XL: |  1  2  3  4  5  6  7  8  9 10 11 12 13 14 15 16 17 |
---------------+----------------------------------------------------+-----
Fighting       | 1 2 3 4 5 7 8 10 11 12 13 | 13.6
Spellcasting   | 4 5 6 7 9 11 12 13 14 15 | 15.6
Conjurations   | 4 5 6 7 9 11 12 13 14 15 | 15.6
Hexes          | 4 5 6 7 9 11 12 13 14 15 | 15.6
Summonings     | 4 5 6 7 9 11 12 13 14 15 | 15.6
Necromancy     | 4 5 6 7 9 11 12 13 14 15 | 15.6
Translocations | 4 5 6 7 9 11 12 13 14 15 | 15.6
Fire Magic     | 4 5 6 7 9 11 12 13 14 15 | 15.6
Ice Magic      | 4 5 6 7 9 11 12 13 14 15 | 15.6
Air Magic      | 4 5 6 7 9 11 12 13 14 15 | 15.6
Earth Magic    | 4 5 6 7 9 11 12 13 14 15 | 15.6
Alchemy        | 4 5 6 7 9 11 12 13 14 15 | 15.6
Invocations    | 1 7 10 11 15 | 15.0
Shields        | 4 11 14 | 14.4
Dodging        | 3 6 |  6.4
Stealth        | |  1.5

Action                     |  1- 3 |  4- 6 |  7- 9 | 10-12 | 13-15 | 16-18 || total
---------------------------+-------+-------+-------+-------+-------+-------++-------
  Melee: Quarterstaff      |       |       |       |     2 |     1 |       ||     3
         Mace              |       |       |       |       |       |     1 ||     1
   Cast: Magic Dart        |    67 |    16 |    56 |    50 |    58 |     4 ||   251
         Searing Ray       |    10 |    12 |    22 |    67 |   126 |    35 ||   272
         Fulminant Prism   |       |     4 |    14 |    50 |   147 |   112 ||   327
         Iskenderun's Myst |       |       |    33 |   133 |   375 |   222 ||   763
         Slow              |       |       |       |       |     1 |       ||     1
         Summon Forest     |       |       |       |       |     1 |       ||     1
         Animate Dead      |       |       |       |       |     5 |       ||     5
         Hailstorm         |       |       |       |       |     2 |       ||     2
    Use: Scroll            |       |     6 |     8 |     5 |    13 |     6 ||    38
         Potion            |       |       |       |       |     3 |     3 ||     6
 Armour: Robe              |     3 |     2 |    27 |    33 |       |       ||    65
         Swamp dragon scal |       |       |       |    15 |   156 |   114 ||   285
         Skin              |       |       |       |       |       |     7 ||     7
  Dodge: Dodged            |     2 |     3 |    13 |    42 |    67 |    22 ||   149
  Block: Buckler           |       |       |       |       |    10 |       ||    10
         Tower shield      |       |       |       |       |     1 |    96 ||    97
